 Dungeon Crawl Stone Soup version 0.26-a0-778-g3fe0686644 (webtiles) character file.

Game seed: 3901684263321316564

461 robertstho the Chiller (level 7, 0/50 HPs)
             Began as a Gnoll Ice Elementalist on Nov 9, 2020.
             Slain by an ice beast (7 damage)
             ... on level 4 of the Dungeon.
             The game lasted 00:05:24 (4448 turns).

robertstho the Chiller (Gnoll Ice Elementalist)     Turns: 4448, Time: 00:05:25

Health: 0/50       AC:  2    Str: 10    XL:     7   Next: 7%
Magic:  14/15      EV: 15    Int: 19    God:
Gold:   208        SH:  0    Dex: 16    Spells: 6/17 levels left

rFire    . . .     SeeInvis .   c - +1 dagger (venom)
rCold    . . .     Faith    .   (no shield)
rNeg     . . .     Spirit   .   a - +0 robe
rPois    .         Reflect  .   (no helmet)
rElec    .         Harm     .   (no cloak)
rCorr    .         Rampage  .   (no gloves)
MR       .....                  (no boots)
Stlth    +++.......             (no amulet)
HPRegen  0.16/turn              (no ring)
MPRegen  0.14/turn              (no ring)

@: no status effects
A: distributed training, fangs 1, strong nose
a: no special abilities


You were on level 4 of the Dungeon.
You visited 1 branch of the dungeon, and saw 5 of its levels.

You collected 208 gold pieces.

Inventory:

Hand Weapons
 c - a +1 dagger of venom (weapon)
Missiles
 l - 43 sling bullets
Armour
 a - a +0 robe (worn)
Jewellery
 f - an uncursed amulet of reflection {unknown}
Scrolls
 b - a scroll of magic mapping {unknown}
 d - 4 scrolls of remove curse {unknown}
 j - 4 scrolls of teleportation {unknown}
 k - 3 scrolls of identify {unknown}
 n - a scroll of fog {unknown}
 p - a scroll of enchant armour {unknown}
 q - a scroll of random uselessness {unknown}
Potions
 e - a potion of magic {unknown}
 g - 2 potions of curing
 h - a potion of heal wounds {unknown}
 i - a potion of flight {unknown}
 m - a potion of experience {unknown}
 o - a potion of cancellation {unknown}


   Skills:
 + Level 2.2 Fighting
 + Level 2.2 Short Blades
 + Level 2.2 Long Blades
 + Level 2.2 Axes
 + Level 2.2 Maces & Flails
 + Level 2.2 Polearms
 + Level 2.2 Staves
 + Level 2.2 Slings
 + Level 2.2 Bows
 + Level 2.2 Crossbows
 + Level 2.2 Throwing
 + Level 2.2 Armour
 + Level 5.1 Dodging
 + Level 4.7 Stealth
 + Level 2.2 Shields
 + Level 2.2 Unarmed Combat
 + Level 5.5 Spellcasting
 + Level 1.8 Conjurations
 + Level 1.8 Hexes
 + Level 1.8 Summonings
 + Level 1.8 Necromancy
 + Level 1.8 Translocations
 + Level 1.8 Transmutations
 + Level 1.8 Fire Magic
 + Level 7.3 Ice Magic
 + Level 1.8 Air Magic
 + Level 1.8 Earth Magic
 + Level 1.8 Poison Magic
 + Level 2.5 Invocations
 + Level 2.2 Evocations


You had 6 spell levels left.
You knew the following spells:

 Your Spells              Type           Power        Failure   Level
a - Freeze                Ice            ####         1%          1
b - Frozen Ramparts       Ice            ####..       1%          3
c - Ozocubu's Armour      Ice            ####....     1%          3
d - Hailstorm             Conj/Ice       ###.....     19%         4

Your spell library contained the following spells:

 Spells                   Type           Power        Failure   Level
 Summon Ice Beast         Ice/Summ       ###.....     19%         4


Dungeon Overview and Level Annotations

Branches:
Dungeon (5/15)
 Temple: D:4-7

Altars:
Wu Jian

Annotations:
D:3 3 runed translucent doors, Eryximachus's ghost, amateur OpTm


Innate Abilities, Weirdness & Mutations

Your experience applies equally to all skills.
You have very sharp teeth.
Your uncanny sense of smell can sniff out nearby items.


Message History

The ice beast freezes you!
You aren't carrying any items that you can evoke.
You aren't carrying any items that you can evoke.
The ice beast looks more healthy.
You start putting on your amulet.
You continue putting on your dented fluorescent amulet.
The ice beast hits you but does no damage.
Keep equipping yourself?
You continue putting on your dented fluorescent amulet.
The ice beast misses you.
You continue putting on your dented fluorescent amulet.
The ice beast barely misses you.
You continue putting on your dented fluorescent amulet.
The ice beast hits you. The ice beast freezes you!
* * * LOW HITPOINT WARNING * * *
You continue putting on your dented fluorescent amulet.
The ice beast hits you.
* * * LOW HITPOINT WARNING * * *
The ice beast freezes you!
You die...

.##...####.###.##.......##.##....
#####...............#.#..........
#######.[...#####.#..........
#..(..# ##..>.........
##..#..####.............
#...##.##..............>
##.......................
#.................##.....
##.......@Y...........>...
##.................(##..###
##..#...[.......#####....#
######..##..........#####..#..#
.......###..........# #...##..#
#...................###.####..#
##########.........##...# #..#
##..##........### ##..###
##...##.....########......


You could see an ice beast.

Vanquished Creatures
  Sigmund (D:4)
  An orc priest (D:5)
  3 worker ants (D:4)
  2 gnolls
  5 adders
  An ooze (D:1)
  An adder zombie (D:4)
  2 adder skeletons (D:4)
  3 worms
  4 dart slugs
  3 leopard geckos
  10 orcs
  A ball python (D:2)
  5 giant cockroaches
  9 goblins
  11 hobgoblins
  2 quokkas
  9 bats
  5 frilled lizards
  13 kobolds
  8 rats
99 creatures vanquished.

Vanquished Creatures (others)
  10 plants (D:4)
10 creatures vanquished.

Grand Total: 109 creatures vanquished

Notes
Turn   | Place    | Note
-------+----------+-------------------------------------------
     0 | D:1      | robertstho the Gnoll Ice Elementalist began the quest for
                  | the Orb.
     0 | D:1      | Reached XP level 1. HP: 13/13 MP: 6/6
    27 | D:1      | Reached XP level 2. HP: 16/19 MP: 0/7
   510 | D:1      | Reached XP level 3. HP: 25/25 MP: 9/9
   528 | D:1      | Reached skill level 5 in Spellcasting
   846 | D:1      | Reached skill level 1 in Invocations
  1043 | D:2      | Reached skill level 1 in Fighting
  1043 | D:2      | Reached skill level 1 in Short Blades
  1043 | D:2      | Reached skill level 1 in Long Blades
  1043 | D:2      | Reached skill level 1 in Axes
  1043 | D:2      | Reached skill level 1 in Maces & Flails
  1043 | D:2      | Reached skill level 1 in Polearms
  1043 | D:2      | Reached skill level 1 in Staves
  1043 | D:2      | Reached skill level 1 in Slings
  1043 | D:2      | Reached skill level 1 in Bows
  1043 | D:2      | Reached skill level 1 in Crossbows
  1043 | D:2      | Reached skill level 1 in Throwing
  1043 | D:2      | Reached skill level 1 in Armour
  1043 | D:2      | Reached skill level 1 in Shields
  1043 | D:2      | Reached skill level 1 in Unarmed Combat
  1043 | D:2      | Reached skill level 1 in Evocations
  1097 | D:2      | Reached XP level 4. HP: 32/32 MP: 11/11
  1118 | D:2      | Learned a level 3 spell: Frozen Ramparts
  1122 | D:2      | Learned a level 3 spell: Ozocubu's Armour
  1127 | D:2      | Learned a level 4 spell: Hailstorm
  1311 | D:2      | HP: 1/32 [gnoll/+0 halberd (17)]
  2014 | D:3      | Reached skill level 1 in Conjurations
  2014 | D:3      | Reached skill level 1 in Hexes
  2014 | D:3      | Reached skill level 1 in Summonings
  2014 | D:3      | Reached skill level 1 in Necromancy
  2014 | D:3      | Reached skill level 1 in Translocations
  2014 | D:3      | Reached skill level 1 in Transmutations
  2014 | D:3      | Reached skill level 1 in Fire Magic
  2014 | D:3      | Reached skill level 1 in Air Magic
  2014 | D:3      | Reached skill level 1 in Earth Magic
  2014 | D:3      | Reached skill level 1 in Poison Magic
  2256 | D:3      | Reached XP level 5. HP: 37/37 MP: 8/12
  2471 | D:3      | Found a runed translucent gate.
  2471 | D:3      | Found a runed translucent gate.
  2473 | D:3      | Found a runed translucent gate.
  2480 | D:3      | Noticed Eryximachus's ghost (amateur OpTm)
  3762 | D:4      | Noticed Sigmund
  3810 | D:4      | Killed Sigmund
  3810 | D:4      | Reached skill level 5 in Dodging
  3810 | D:4      | Reached XP level 6. HP: 16/44 MP: 0/14
  4016 | D:4      | Found an ornate altar of the Wu Jian Council.
  4403 | D:5      | Entered Level 5 of the Dungeon
  4404 | D:5      | Noticed an ice beast
  4407 | D:5      | Reached XP level 7. HP: 50/50 MP: 11/15
  4448 | D:4      | Slain by an ice beast

Illustrated notes

Levels and vault maps discovered:
D:1:      scummos_arrival_star, layout_loops_ring
D:2:      minmay_chambers_of_ones, layout_basic
D:3:      layout_loops_ring, gammafunk_ghost_necromancy
D:4:      layout_rooms, lemuel_round_altar, serial_bayou_lagoon_b, uniq_sigmund
D:5:      layout_rooms, tgw_kikubaaqudgha, uniq_duvessa

Skill      XL: |  1  2  3  4  5 |
---------------+----------------+-----
Spellcasting   | 5 |  5.5
Invocations    | 1 2 |  2.5
Fighting       | 1 2 |  2.2
Short Blades   | 1 2 |  2.2
Long Blades    | 1 2 |  2.2
Axes           | 1 2 |  2.2
Maces & Flails | 1 2 |  2.2
Polearms       | 1 2 |  2.2
Staves         | 1 2 |  2.2
Slings         | 1 2 |  2.2
Bows           | 1 2 |  2.2
Crossbows      | 1 2 |  2.2
Throwing       | 1 2 |  2.2
Armour         | 1 2 |  2.2
Shields        | 1 2 |  2.2
Unarmed Combat | 1 2 |  2.2
Evocations     | 1 2 |  2.2
Conjurations   | 1 |  1.8
Hexes          | 1 |  1.8
Summonings     | 1 |  1.8
Necromancy     | 1 |  1.8
Translocations | 1 |  1.8
Transmutations | 1 |  1.8
Fire Magic     | 1 |  1.8
Air Magic      | 1 |  1.8
Earth Magic    | 1 |  1.8
Poison Magic   | 1 |  1.8
Dodging        | 5 |  5.1
Stealth        | |  4.7
Ice Magic      | |  7.3

Action                   |  1- 3 |  4- 6 |  7- 9 || total
-------------------------+-------+-------+-------++-------
Melee: Unarmed           |     3 |       |       ||     3
       Bite              |    13 |     6 |       ||    19
       Dagger            |    71 |   127 |     9 ||   207
       Punch             |     1 |     3 |       ||     4
 Cast: Freeze            |     7 |       |       ||     7
       Frozen Ramparts   |       |    16 |     1 ||    17
       Hailstorm         |       |     2 |       ||     2
  Use: Potion            |       |       |     1 ||     1
 Stab: Sleeping          |     7 |     8 |       ||    15
Armor: Robe              |    12 |    11 |     3 ||    26
Dodge: Dodged            |    43 |    90 |    12 ||   145

Table legend: (Time is in decaauts)
 A = Elapsed time spent in this place.
 B = Non-inter-level travel time spent in this place.
 C = Inter-level travel time spent in this place.
 D = Time resting spent in this place.
 E = Time spent auto-exploring this place.
 F = Levels seen in this place.
 G = Mean time per level.
                   A        B        C        D        E       F      G
               +--------+--------+--------+--------+--------+-----+--------+
         Total |   4461 |   4373 |     88 |    304 |   3313 |   5 |  892.2 |
       Dungeon |   4461 |   4373 |     88 |    304 |   3313 |   5 |  892.2 |
               +--------+--------+--------+--------+--------+-----+--------+

Top non-repeatable levels by time:
     D:4: 1286 daAuts
     D:3: 1157 daAuts
     D:2: 1084 daAuts
     D:1: 922 daAuts
     D:5: 10 daAuts
